 Dungeon Crawl Stone Soup version 0.29.1-12-g30fa7ad0bf (webtiles) character file.

Game seed: 16122746183738143543

443 styxcanada the Covert (level 6, -3/32 HPs)
             Began as a Spriggan Brigand on Dec 26, 2022.
             Slain by a gnoll
             ... wielding a +0 spear
             ... led by a gnoll bouda
              (8 damage)
             ... on level 4 of the Dungeon.
             The game lasted 00:12:42 (3050 turns).

styxcanada the Covert (Spriggan Brigand)            Turns: 3050, Time: 00:12:42

Health: -3/32      AC:  3    Str:  7    XL:     6   Next: 71%
Magic:  7/7        EV: 23    Int: 18    God:
Gold:   45         SH:  0    Dex: 19    Spells: 4/5 levels left

rFire   . . .      SeeInvis +   a - +2 dagger
rCold   . . .      Faith    .   (no shield)
rNeg    . . .      Spirit   .   b - +0 robe
rPois   .          Reflect  .   (helmet restricted)
rElec   .          Harm     .   c - +0 cloak
rCorr   .          Rampage  .   (gloves unavailable)
Will    +....                   (boots unavailable)
Stlth   ++++......              (no amulet)
HPRegen 0.10/turn               p - +6 ring of intelligence
MPRegen 0.10/turn               q - +4 ring of evasion

@: lethally poisoned (-3 -> -7), weakened, very quick
A: very small, no large weapons, unfitting armour, see invisible, speed 3
a: no special abilities


You were on level 4 of the Dungeon.
You visited 1 branch of the dungeon, and saw 4 of its levels.

You collected 117 gold pieces.
You spent 72 gold pieces at shops.

Inventory:

Hand Weapons
 a - a +2 dagger (weapon)
 k - a +0 sling
Missiles
 d - 5 poisoned darts (quivered)
 e - 2 curare-tipped darts
 i - 22 stones
Armour
 b - a +0 robe (worn)
 c - a +0 cloak (worn)
Jewellery
 p - a +6 ring of intelligence (left hand)
 q - a +4 ring of evasion (right hand)
 t - a ring of wizardry
 u - an amulet of faith
Wands
 s - a wand of roots (3)
Scrolls
 o - a scroll of immolation
Potions
 f - a potion of brilliance {unknown}
 g - a potion of lignification
 h - a potion of resistance
 j - 2 potions of might
 m - 3 potions of curing
 n - 3 potions of heal wounds
 r - a potion of haste {unknown}
 v - 2 potions of flight {unknown}


   Skills:
 * Level 2.4 Fighting
 + Level 3.8 Short Blades
 + Level 3.0 Throwing
 * Level 3.8 Dodging
 * Level 9.0 Stealth
 * Level 0.4 Spellcasting
 * Level 0.2 Conjurations
 * Level 0.3 Air Magic
 * Level 0.5 Evocations


You had 4 spell levels left.
You knew the following spells:

 Your Spells              Type           Power      Damage    Failure   Level
a - Shock                 Conj/Air       4%         1d3       19%         1

Your spell library contained the following spells:

 Spells                   Type           Power      Damage    Failure   Level
 Swiftness                Air            1%         N/A       50%         3
 Airstrike                Air            0%         2d(1-17)  88%         4


Dungeon Overview and Level Annotations

Branches:
Dungeon (4/15)
 Temple: D:4-7

Altars:

Shops:
D:3 !


Innate Abilities, Weirdness & Mutations

You are very small and have problems with some larger weapons.
You are too small for most types of armour.
You have supernaturally acute eyesight. (SInv)
You cover ground extremely quickly. (Speed+++)


Message History

Throw: 7 darts (poison)
Press: ? - help, Q - select action, (/) - cycle Shift-Dir - straight line, f/p - gnoll
Aim: a gnoll, wielding a +0 whip (heavily wounded, covering ground quickly, constricted by roots, 94% to hit)
You throw a poisoned dart. The poisoned dart hits the gnoll.
The gnoll is poisoned.
The gnoll is heavily wounded.
The grasping roots constrict the gnoll.
The roots release their grip on the gnoll.
A gnoll comes into view. It is wielding a +0 spear.
You hit the gnoll.
The gnoll is almost dead.
The gnoll completely misses you. The gnoll barely misses you.
Throw: 6 darts (poison)
Press: ? - help, Q - select action, (/) - cycle Shift-Dir - straight line, f - adder, p - gnoll
Aim: an adder (46% to hit)
You throw a poisoned dart. The poisoned dart misses the adder.
The poisoned dart hits the gnoll bouda.
The gnoll hits you with a +0 whip.
The gnoll throws a throwing net.
The throwing net hits you.
You become entangled in the net!
The gnoll hits you from afar with a +0 spear.
You struggle against the net.
You kill the gnoll!
The adder misses you.
An orc comes into view. It is wielding a +0 hand axe.
The hobgoblin barely misses you.
The gnoll hits you from afar with a +0 spear. x2
Unknown command.
You tear a large gash into the net.
The adder bites you.
You are poisoned.
The adder poisons you!
A kobold comes into view.
It is wielding a +0 short sword and quivering poisoned darts.
The hobgoblin hits you.
The gnoll hits you from afar with a +0 spear. x2
* * * LOW HITPOINT WARNING * * *
You rip the net and break free!
* * * LOW HITPOINT WARNING * * *
You feel sick. The adder closely misses you.
The gnoll bouda completely misses you. The hobgoblin completely misses you.
The gnoll hits you from afar with a +0 spear!
You die...

.###.#.....#...
...........#.## #
............. ..
............ #.
#(#.......##
#..###.#.........
#.....gg(........
#...ggSS)......##
#.....@g...o.#.#
#.....(#.....# #
####.#......K...
#.###........ #
#........#
.........#
......... .......


You could see a gnoll bouda, 3 gnolls, an adder, an orc, a hobgoblin, a ball
python and a kobold.

Vanquished Creatures
  Sigmund (D:3)
  Blork the orc (D:4)
  A howler monkey (D:3)
  A hound (D:3)
  5 adders
  5 gnolls
  A worm (D:2)
  3 dart slugs
  An orc (D:3)
  7 bats
  3 endoplasms
  3 giant cockroaches
  3 goblins
  5 hobgoblins
  3 jackals (D:1)
  A quokka (D:2)
  2 ball pythons
  4 frilled lizards
  5 kobolds
  8 rats
63 creatures vanquished.

Notes
Turn   | Place    | Note
-------+----------+-------------------------------------------
     0 | D:1      | styxcanada the Spriggan Brigand began the quest for the
                  | Orb.
     0 | D:1      | Reached XP level 1. HP: 10/10 MP: 2/2
   137 | D:1      | Reached skill level 6 in Stealth
   443 | D:1      | Reached XP level 2. HP: 14/14 MP: 3/3
   988 | D:2      | Reached skill level 7 in Stealth
  1131 | D:2      | Reached XP level 3. HP: 18/18 MP: 4/4
  1284 | D:2      | Reached skill level 8 in Stealth
  1284 | D:2      | Reached XP level 4. HP: 9/23 MP: 5/5
  2007 | D:3      | Found Vots's Distillery.
  2010 | D:3      | Bought a potion of heal wounds for 60 gold pieces
  2010 | D:3      | Bought a potion of degeneration for 12 gold pieces
  2242 | D:3      | Noticed Sigmund
  2268 | D:3      | Reached XP level 5. HP: 20/26 MP: 6/6
  2410 | D:3      | Killed Sigmund
  2411 | D:3      | Reached XP level 6. HP: 28/31 MP: 7/7
  2687 | D:3      | Found a faded altar of an unknown god.
  2693 | D:3      | Learned a level 1 spell: Shock
  3032 | D:4      | Noticed Blork the orc
  3044 | D:4      | Killed Blork the orc
  3045 | D:4      | Reached skill level 9 in Stealth
  3050 | D:4      | Slain by a gnoll

Illustrated notes

Levels and vault maps discovered:
D:1:      dpeg_arrival_solitude, layout_loops_corners, item_on_display_a
D:2:      layout_basic
D:3:      layout_basic, hellmonk_ecumenical_altar_pennies_from_heaven,
          serial_shops, shop, minmay_unequal, uniq_sigmund
D:4:      layout_basic, ebering_ghost_rock_garden, chequers_serial_rivers_marsh,
          uniq_duvessa, uniq_blork_the_orc, uniq_ijyb

Skill      XL: |  1  2  3  4  5  6 |
---------------+-------------------+-----
Stealth        | 6 7 8 9 |  9.0
Dodging        | 2 3 |  3.8
Fighting       | 2 |  2.4
Short Blades   | 3 |  3.8
Throwing       | 3 |  3.0
Spellcasting   | |  0.4
Conjurations   | |  0.2
Air Magic      | |  0.3
Evocations     | |  0.5

Action                   |  1- 3 |  4- 6 || total
-------------------------+-------+-------++-------
Melee: Dagger            |    73 |    74 ||   147
       Punch             |     1 |       ||     1
Throw: Dart              |    12 |    24 ||    36
       Stone             |       |     2 ||     2
Evoke: Wand              |       |     2 ||     2
  Use: Scroll            |     4 |     4 ||     8
 Stab: Sleeping          |    13 |     5 ||    18
       Distracted        |       |     1 ||     1
Armor: Robe              |     5 |     5 ||    10
Dodge: Dodged            |    55 |    71 ||   126
